 Dungeon Crawl Stone Soup version 0.29-a0-350-g7790a0e70a (webtiles) character file.

Game seed: 8152814992440261030

1228 zeratav the Archer (level 8, -4/64 HPs)
             Began as a Deep Elf Hunter on Apr 22, 2022.
             Slain by Edmund
             ... wielding a +2 dire flail of holy wrath
              (5 damage)
             ... on level 5 of the Dungeon.
             The game lasted 00:07:48 (4524 turns).

zeratav the Archer (Deep Elf Hunter)                Turns: 4524, Time: 00:07:48

Health: -4/64      AC: 24    Str: 14    XL:     8   Next: 23%
Magic:  10/10      EV:  2    Int: 15    God:
Gold:   291        SH:  0    Dex: 20    Spells: 7/7 levels left

rFire   . . .      SeeInvis .   (no weapon)
rCold   . . .      Faith    .   (no shield)
rNeg    . . .      Spirit   .   (body armour currently unavailable)
rPois   +          Reflect  .   (helmet currently unavailable)
rElec   .          Harm     .   (cloak currently unavailable)
rCorr   .          Rampage  .   (gloves currently unavailable)
Will    .....      NoTele   +   (boots currently unavailable)
Stlth   ++........              (no amulet)
HPRegen 0.20/turn               m - +6 ring of strength
MPRegen 0.12/turn               (no ring)

@: tree-form
A: stationary, stasis, torment immunity, boosted hp
a: no special abilities


You were on level 5 of the Dungeon.
You were a tree.
You visited 1 branch of the dungeon, and saw 5 of its levels.
You also visited: Sewer.

You collected 291 gold pieces.


   Skills:
 - Level 1.5 Fighting
 - Level 12.0 Bows
 + Level 6.9 Dodging
 - Level 1.2 Stealth


You had 7 spell levels left.
You didn't know any spells.
Your spell library contained the following spells:

 Spells                   Type           Power      Damage    Failure   Level
 Gell's Gravitas          Tloc           0%         N/A       63%         3
 Teleport Other           Tloc           0%         N/A       63%         3
 Dispersal                Tloc           0%         N/A       100%        6

Inventory:

Hand Weapons
 a - a +1 shortbow {bow}
 y - a +3 vorpal flail {mace}
   (You took it off an orc on level 3 of the Dungeon)
Armour
 b - a +0 leather armour (melded)
 d - a +0 scale mail
   (You found it on level 1 of the Dungeon)
 h - a +0 pair of gloves (melded)
   (You found it on level 2 of the Dungeon)
 i - a +0 leather armour
   (You found it on level 2 of the Dungeon)
 j - a +0 leather armour of cold resistance
   (You found it on level 2 of the Dungeon)
 k - a +0 scale mail
   (You found it on level 2 of the Dungeon)
 l - a +0 leather armour
   (You found it on level 2 of the Dungeon)
 n - a +0 ring mail
   (You found it on level 2 of the Dungeon)
 p - a +0 leather armour
   (You found it on level 2 of the Dungeon)
 r - a +0 robe
   (You found it on level 2 of the Dungeon)
 x - a +0 pair of boots (melded)
   (You found it on level 3 of the Dungeon)
 A - a +0 leather armour
   (You found it on level 3 of the Dungeon)
 B - a +0 scale mail
   (You took it off an orc priest on level 4 of the Dungeon)
 C - a +0 robe
   (You took it off Blork the orc on level 4 of the Dungeon)
 E - a +0 leather armour
   (You took it off an orc on level 4 of the Dungeon)
 F - a +0 helmet
   (You took it off Robin on level 4 of the Dungeon)
 G - a +0 animal skin
   (You took it off Robin on level 4 of the Dungeon)
 H - a +0 chain mail
   (You took it off an orc on level 4 of the Dungeon)
 I - a +0 ring mail
   (You found it on level 4 of the Dungeon)
Jewellery
 m - a +6 ring of strength (left branch)
   (You found it on level 2 of the Dungeon)
 z - an amulet of magic regeneration {@e2}
   (You found it on level 3 of the Dungeon)
Scrolls
 c - a scroll of immolation {!r!r}
 e - 2 scrolls of identify {unknown}
 f - a scroll of brand weapon {unknown}
 s - 2 scrolls of magic mapping {unknown}
 t - 3 scrolls of teleportation {@r4}
 w - 4 scrolls of enchant weapon {unknown}
 L - a scroll of enchant armour {unknown}
Potions
 g - 3 potions of might {unknown}
 o - 5 potions of flight
 q - a potion of curing {unknown}
 u - 3 potions of lignification {!q}
 v - a potion of magic {unknown}
 D - a potion of cancellation {unknown}
 J - a potion of resistance {unknown}
 K - a potion of brilliance {unknown}

Dungeon Overview and Level Annotations

Branches:
Dungeon (5/15)              Sewer (visited)
 Temple: D:4-7

Altars:

Shops:
D:3 [

Annotations:
D:2 1 runed translucent door, Crazy Yiuf
D:5 1 runed translucent door, Antichthon's ghost, novice NaWr; Edmund

........########
........'......#
........##############
........# #.......!#
........# #.....!..#
........# #........#
........# #........#
'###'#### #....@...#
.###.###### #♣#
..........## #.#
.#.....##..#####.#
.'..>..+.........#
.#.....###..####.#
.#.....# #..## #.#
.###'### #...# #.# .# #.#
##..# #.#
.###.######..###.#########


You could see Edmund.


Message History

Edmund says, "You wouldn't believe how much I paid for this flail."
Edmund closely misses you.
You shoot an arrow. The arrow hits Edmund.
Edmund closely misses you.
You shoot an arrow. The arrow hits Edmund.
Edmund hits you with a +2 dire flail of holy wrath.
HP[-3]
You take 3 damage, and now have 40/43 hp.
You shoot an arrow. The arrow barely misses Edmund.
Edmund barely misses you.
You shoot an arrow. The arrow closely misses Edmund.
Edmund misses you.
You shoot an arrow. The arrow hits Edmund.
Edmund barely misses you.
You shoot an arrow. The arrow barely misses Edmund.
Edmund barely misses you.
You shoot an arrow.
The arrow hits Edmund but does no damage.
Edmund misses you.
You shoot an arrow.
The arrow hits Edmund but does no damage.
Edmund gestures with his flail.
Edmund hits you with a +2 dire flail of holy wrath!
HP[-8]
You take 8 damage, and now have 32/43 hp.
You are too injured to fight recklessly!
You are too injured to fight recklessly!
You are too injured to fight recklessly!
You are too injured to fight recklessly!
You are too injured to fight recklessly!
You are too injured to fight recklessly!
Shoot: a) +1 shortbow {bow}
Press: ? - help, Q - select action Shift-Dir - straight line, f/p - Edmund
Aim: Edmund, wielding a +2 dire flail of holy wrath and wearing a +0 scale mail (heavily wounded, 72% to hit)
You shoot an arrow.
The arrow hits Edmund but does no damage.
Edmund closely misses you.
HP[+1] Shoot: a) +1 shortbow {bow}
Press: ? - help, Q - select action Shift-Dir - straight line, f/p - Edmund
Aim: Edmund, wielding a +2 dire flail of holy wrath and wearing a +0 scale mail (heavily wounded, 72% to hit)
You shoot an arrow. The arrow closely misses Edmund.
Edmund misses you.
Shoot: a) +1 shortbow {bow}
Press: ? - help, Q - select action Shift-Dir - straight line, f/p - Edmund
Aim: Edmund, wielding a +2 dire flail of holy wrath and wearing a +0 scale mail (heavily wounded, 72% to hit)
You shoot an arrow.
The arrow hits Edmund but does no damage.
Shoot: a) +1 shortbow {bow}
Press: ? - help, Q - select action Shift-Dir - straight line, f/p - Edmund
Aim: Edmund, wielding a +2 dire flail of holy wrath and wearing a +0 scale mail (heavily wounded, 72% to hit)
You shoot an arrow. The arrow hits Edmund.
Edmund hits you with a +2 dire flail of holy wrath!
* * * LOW HITPOINT WARNING * * *
HP[-12]
You take 12 damage, and now have 21/43 hp.
MASSIVE DAMAGE!! (PAUSE) Shoot: a) +1 shortbow {bow}
Press: ? - help, Q - select action Shift-Dir - straight line, f/p - Edmund
Aim: Edmund, wielding a +2 dire flail of holy wrath and wearing a +0 scale mail (heavily wounded, 72% to hit)
You shoot an arrow.
The arrow hits Edmund but does no damage.
Edmund hits you with a +2 dire flail of holy wrath!
* * * LOW HITPOINT WARNING * * *
HP[-12]
You take 12 damage, and now have 9/43 hp.
MASSIVE DAMAGE!! (PAUSE) Shoot: a) +1 shortbow {bow}
Press: ? - help, Q - select action Shift-Dir - straight line, f/p - Edmund
Aim: Edmund, wielding a +2 dire flail of holy wrath and wearing a +0 scale mail (heavily wounded, 72% to hit)
You shoot an arrow. The arrow barely misses Edmund.
Edmund hits you with a +2 dire flail of holy wrath.
* * * LOW HITPOINT WARNING * * *
HP[-5]
You take 5 damage, and now have 4/43 hp.
Shoot: a) +1 shortbow {bow}
Press: ? - help, Q - select action Shift-Dir - straight line, f/p - Edmund
Aim: Edmund, wielding a +2 dire flail of holy wrath and wearing a +0 scale mail (heavily wounded, 72% to hit)
You shoot an arrow.
The arrow hits Edmund but does no damage.
Edmund closely misses you.
As you read the scroll of teleportation {@r4}, it crumbles to dust.
You feel strangely unstable.
Edmund hits you with a +2 dire flail of holy wrath.
* * * LOW HITPOINT WARNING * * *
HP[-1]
You take 1 damage, and now have 3/43 hp.
It was a potion of lignification.
You turn into a tree.
Your +0 pair of gloves melds into your body.
Your +0 pair of boots melds into your body.
Your +0 leather armour melds into your body.
Your roots penetrate the ground.
You feel strangely stable.
Edmund hits you with a +2 dire flail of holy wrath.
* * * LOW HITPOINT WARNING * * *
HP[-2]
You now have 64 max hp (+21).
Unknown command.
Really attack while wielding your +1 shortbow {bow}? [Y]es or [N]o only, please.
Really attack while wielding your +1 shortbow {bow}?
Okay, then.
You are now empty-handed.
Edmund hits you with a +2 dire flail of holy wrath.
You die...

Skill      XL: |  1  2  3  4  5  6  7 |
---------------+----------------------+-----
Bows           | 6 7 9 11 12 | 12.0
Dodging        | 6 |  6.9
Fighting       | |  1.5
Stealth        | |  1.2

Action                   |  1- 3 |  4- 6 |  7- 9 || total
-------------------------+-------+-------+-------++-------
 Fire: Shortbow          |    88 |   155 |   199 ||   442
  Use: Scroll            |       |       |     1 ||     1
       Potion            |       |       |     1 ||     1
Armor: Leather armour    |       |     4 |    14 ||    18
Dodge: Dodged            |     6 |    20 |    58 ||    84

Levels and vault maps discovered:
D:1:      erik_arrival_orb_chamber, layout_basic,
          hellmonk_ecumenical_altar_leap_of_faith,
          corexii_item_surrounded_by_moat, roderic_roman_lattice
D:2:      layout_rooms, minivault_14, uniq_crazy_yiuf_cottage
D:3:      layout_basic, serial_shops, shop, st_stairs_9
D:4:      layout_rooms, portal_sewer_entry_e, chequers_mini_garden,
          uniq_blork_the_orc, uniq_robin, uniq_natasha
D:5:      layout_basic, mainiacjoe_overflow_catwalk, ebering_ghost_inner_flame,
          lemuel_flamethrower_1, uniq_edmund

Notes
Turn   | Place    | Note
-------+----------+-------------------------------------------
     0 | D:1      | zeratav the Deep Elf Hunter began the quest for the Orb.
     0 | D:1      | Reached XP level 1. HP: 12/12 MP: 3/3
     0 | D:1      | magus.rc [v1.9.6]
   272 | D:1      | Reached skill level 6 in Bows
   272 | D:1      | Reached XP level 2. HP: 16/16 MP: 4/4
   273 | D:1      | Found a faded altar of an unknown god.
   790 | D:2      | Reached XP level 3. HP: 20/20 MP: 5/5
   988 | D:2      | You add the spells Gell's Gravitas, Teleport Other and
                  | Dispersal to your library.
  1036 | D:2      | Reached skill level 7 in Bows
  1379 | D:2      | Found a runed translucent door.
  1380 | D:2      | Noticed Crazy Yiuf
  1682 | D:3      | Reached XP level 4. HP: 25/25 MP: 6/6
  1733 | D:3      | Found Paijeh's Antique Armour Shoppe.
  2295 | D:4      | Reached skill level 8 in Bows
  2310 | D:4      | Noticed an ogre
  2318 | D:4      | Killed an ogre
  2319 | D:4      | Reached skill level 9 in Bows
  2319 | D:4      | Reached XP level 5. HP: 29/29 MP: 7/7
  2406 | D:4      | Reached XP level 6. HP: 32/34 MP: 8/8
  2407 | D:4      | Noticed Robin
  2417 | D:4      | Killed Robin
  2565 | D:4      | Reached skill level 10 in Bows
  2607 | D:4      | Noticed Blork the orc
  2616 | D:4      | Killed Blork the orc
  2675 | D:4      | Found a glowing drain.
  2681 | Sewer    | Entered a sewer
  2805 | Sewer    | Reached skill level 11 in Bows
  2839 | Sewer    | Reached XP level 7. HP: 38/38 MP: 9/9
  3483 | D:4      | Noticed Natasha
  3492 | D:4      | Killed Natasha
  3493 | D:4      | Reached skill level 12 in Bows
  3620 | D:4      | Reached skill level 3 in Dodging
  3624 | D:4      | HP: 9/38 [poisoned by a scorpion]
  3953 | D:5      | Entered Level 5 of the Dungeon
  3994 | D:5      | Reached skill level 4 in Dodging
  4045 | D:5      | Reached skill level 5 in Dodging
  4159 | D:5      | Reached skill level 6 in Dodging
  4159 | D:5      | Reached XP level 8. HP: 43/43 MP: 10/10
  4324 | D:5      | Found a runed translucent door.
  4324 | D:5      | Noticed Antichthon's ghost (novice NaWr)
  4324 | D:5      | Found the amulet of the Four Winds {rN+ Will+++ Clar}
  4502 | D:5      | Noticed Edmund
  4519 | D:5      | HP: 9/43 [Edmund/+2 dire flail of holy wrath (12)]
  4520 | D:5      | HP: 4/43 [Edmund/+2 dire flail of holy wrath (5)]
  4523 | D:5      | HP: 1/64 [Edmund/+2 dire flail of holy wrath (3)]
  4524 | D:5      | Slain by Edmund

Vanquished Creatures
  A water moccasin (D:5)
  An ice beast (D:5)
  An ogre (D:4)
  Blork the orc (D:4)
  3 necrophages
  2 scorpions (D:4)
  A howler monkey (D:5)
  A jelly (D:4)
  A hound (D:5)
  An orc priest (D:4)
  Natasha (D:4)
  An iguana (D:5)
  A merfolk siren (Sewer)
  A merfolk avatar (Sewer)
  Robin (D:4)
  4 gnolls (D:4)
  12 adders
  5 river rats
  2 ufetubi
  2 worms (D:3)
  2 dart slugs
  7 orcs
  7 endoplasms
  8 giant cockroaches
  6 hobgoblins
  9 quokkas
  10 ball pythons
  4 bats
  10 frilled lizards
  18 goblins
  4 kobolds
  26 rats
154 creatures vanquished.

Vanquished Creatures (others)
  An ufetubus (D:5)
1 creature vanquished.

Grand Total: 155 creatures vanquished

Table legend:
 A = Non-vault XP
 B = Vault XP
 C = Vault XP percentage of total XP
 D = Non-vault monster count
 E = Vault monster count
 F = Vault count percentage of total count
                 A         B        C        D         E       F
            +---------+---------+-------+---------+---------+-------
      Total |    1327 |     428 |  24.4 |      90 |      64 |  41.6
            +---------+---------+-------+---------+---------+-------
        D:1 |      30 |       0 |   0.0 |      18 |       0 |   0.0
        D:2 |      39 |       0 |   0.0 |      16 |       0 |   0.0
        D:3 |      68 |       7 |   9.3 |      20 |       2 |   9.1
        D:4 |     580 |     200 |  25.6 |      26 |      22 |  45.8
        D:5 |     610 |       0 |   0.0 |      10 |       0 |   0.0
      Sewer |       0 |     221 | 100.0 |       0 |      40 | 100.0
            +---------+---------+-------+---------+---------+-------

Illustrated notes

Table legend:
 A = Kills in this place as a percentage of kills in entire the game.
 B = Kills by you in this place as a percentage of kills by you in the entire game.
 C = Kills by friends in this place as a percentage of kills by friends in the entire game.
 D = Other kills in this place as a percentage of other kills in the entire game.
 E = Experience gained in this place as a percentage of experience gained in the entire game.
 F = Experience gained in this place divided by the number of levels of this place that you have seen.
                   A       B       C       D       E      F
               +-------+-------+-------+-------+-------+----------------------
         Total | 100.0 | 100.0 |   N/A |   N/A | 100.0 | 292.5
       Dungeon |  74.0 |  74.0 |   N/A |   N/A |  87.4 | 306.8
         Sewer |  26.0 |  26.0 |   N/A |   N/A |  12.6 | 221.0
               +-------+-------+-------+-------+-------+----------------------

Table legend: (Time is in decaauts)
 A = Elapsed time spent in this place.
 B = Non-inter-level travel time spent in this place.
 C = Inter-level travel time spent in this place.
 D = Time resting spent in this place.
 E = Time spent auto-exploring this place.
 F = Levels seen in this place.
 G = Mean time per level.
                   A        B        C        D        E       F      G
               +--------+--------+--------+--------+--------+-----+--------+
         Total |   4594 |   4367 |    227 |    422 |   3151 |   6 |  765.7 |
       Dungeon |   4019 |   3792 |    227 |    334 |   2900 |   5 |  803.8 |
         Sewer |    574 |    574 |      0 |     88 |    251 |   1 |  574.0 |
               +--------+--------+--------+--------+--------+-----+--------+

Top non-repeatable levels by time:
     D:4: 1147 daAuts
     D:3: 877 daAuts
     D:2: 716 daAuts
     D:1: 712 daAuts
   Sewer: 574 daAuts
     D:5: 565 daAuts
